 Dungeon Crawl Stone Soup version 0.30.0-5-g1a98f26d00 (webtiles) character file.

Game seed: 9275117873308521265

264 monsoonserge the Chopper (level 6, -2/53 HPs)
             Began as a Meteoran Chaos Knight on May 11, 2023.
             Was a Plaything of Xom.
             Slain by an orc
             ... wielding a +0 trident
              (4 damage)
             ... on level 3 of the Dungeon.
             The game lasted 00:05:08 (640 turns).

monsoonserge the Chopper (Meteoran Chaos Knight)     Turns: 640, Time: 00:05:09

Health: -2/53      AC:  5    Str: 16    XL:     6   Next: 72%
Magic:  7/7        EV: 12    Int: 14    God:    Xom [..*...]
Gold:   47         SH:  0    Dex: 13    Spells: 5/5 levels left

rFire   . . .        a - +0 hand axe (chaos)
rCold   . . .        (no shield)
rNeg    . . .        b - +2 leather armour
rPois   .            (no helmet)
rElec   .            (no cloak)
rCorr   .            (no gloves)
SInv    .            (no boots)
Will    .....        (no amulet)
Stlth   +            (no ring)
HPRegen 0.28/turn    (no ring)
MPRegen 0.10/turn

%: no passive effects
@: glowing
A: sense surroundings 1, otherworldly, glowing, explore regen
a: Renounce Religion


You were on level 3 of the Dungeon.
You worshipped Xom.
You were a toy of Xom.
You visited 1 branch of the dungeon, and saw 3 of its levels.

You collected 47 gold pieces.

Inventory:

Hand Weapons
 a - a +0 hand axe of chaos (weapon)
Armour
 b - a +2 leather armour (worn)
 h - a +0 plate armour
Magical Staves
 e - a staff of poison
Scrolls
 i - a scroll of identify {unknown}
 k - a scroll of immolation {unknown}
Potions
 d - a potion of flight {unknown}
 f - a potion of berserk rage {unknown}
 g - a potion of magic {unknown}
 j - a potion of heal wounds
Miscellaneous
 c - a piece from Xom's chessboard (15/15) (quivered)


   Skills:
 + Level 4.5 Fighting
 + Level 6.4 Axes
 + Level 3.1 Armour
 + Level 2.4 Dodging
 * Level 0.9 Evocations


You had 5 spell levels left.
You didn't know any spells.
Your spell library contained the following spells:

 Spells                   Type           Power      Damage    Failure   Level
 Gell's Gravitas          Tloc           0%         N/A       71%         3
 Teleport Other           Tloc           0%         N/A       71%         3
 Dispersal                Tloc           0%         N/A       100%        6


Dungeon Overview and Level Annotations

Branches:
Dungeon (3/15) Zot: 1148

Altars:

Shops:
D:1 (


Innate Abilities, Weirdness & Mutations

You passively map a small area around you.
You are easily found by Zot.
You glow in the dark.
You regain HP and MP as you explore.


Message History

You kill Natasha!
Natasha growls in agony!
The cerulean imp disappears in a puff of smoke!
You hit the orc. You burn the orc.
The orc hits you from afar with a +0 trident!
The orc hits you with a +0 flail!
You hit the orc.
You kill the orc!
The orc hits you but does no damage. The orc closely misses you.
Items here: ))))) [ †††.
You hit the orc.
The orc is heavily wounded.
The orc closely misses you.
You completely miss the orc.
The orc is heavily wounded.
The orc hits you with a +0 trident.
* * * LOW HITPOINT WARNING * * *
You closely miss the orc.
The orc is heavily wounded.
The orc hits you with a +0 trident.
* * * LOW HITPOINT WARNING * * *
You hit the orc.
The orc suddenly seems more agile.
The orc is severely wounded.
The orc hits you with a +0 trident!
* * * LOW HITPOINT WARNING * * *
You barely miss the orc.
The orc is severely wounded.
The orc hits you with a +0 trident.
* * * LOW HITPOINT WARNING * * *
You closely miss the orc.
The orc is severely wounded.
The orc hits you but does no damage.
You closely miss the orc.
The orc is severely wounded.
The orc closely misses you.
You barely miss the orc.
The orc is severely wounded.
The orc hits you with a +0 trident.
You die...

##################
#######.................
,
........################
, ######...§.§..# # *
##.#####.#* # , ,
**#@)...... #
#.....o.....#. ####
###.##..###..! #... * ..
...# ##* #, #.## , ...
.#.# #.##†## * * ##
..,.# * #....## * .. .#
* #.##.## , ...,.#
####.##.## .......†##


You could see an orc (agile).

Vanquished Creatures
  Sigmund (D:2)
  An orc wizard (D:3)
  Natasha (D:3)
  An adder (D:2)
  3 orcs (D:3)
  9 ball pythons
  2 bats (D:1)
  4 endoplasms (D:1)
  3 giant cockroaches
  2 goblins (D:3)
  3 hobgoblins
  2 jackals (D:1)
  2 kobolds (D:1)
  2 quokkas (D:1)
  3 frilled lizards (D:1)
  2 rats (D:3)
41 creatures vanquished.

Notes
Turn   | Place    | Note
-------+----------+-------------------------------------------
     0 | D:1      | monsoonserge the Meteoran Chaos Knight began the quest for
                  | the Orb.
     0 | D:1      | Reached XP level 1. HP: 19/19 MP: 2/2
    92 | D:1      | Found Ufuhyoso's Antique Weapon Emporium.
    93 | D:1      | XOM: silly message
    94 | D:1      | Reached skill level 4 in Axes
    94 | D:1      | Reached XP level 2. HP: 26/26 MP: 3/3
   241 | D:1      | Reached XP level 3. HP: 28/31 MP: 4/4
   367 | D:1      | XOM: noise
   452 | D:2      | Noticed Sigmund
   459 | D:2      | XOM: silly message
   465 | D:2      | Killed Sigmund
   466 | D:2      | Reached skill level 6 in Axes
   466 | D:2      | Reached XP level 4. HP: 32/41 MP: 5/5
   466 | D:2      | Reached XP level 5. HP: 37/47 MP: 6/6
   466 | D:2      | Reached XP level 6. HP: 41/53 MP: 7/7
   554 | D:3      | Found a faded altar of an unknown god.
   615 | D:3      | Noticed Natasha
   630 | D:3      | Killed Natasha
   636 | D:3      | HP: 2/53 [orc/+0 trident (7)]
   640 | D:3      | Slain by an orc

Illustrated notes

Levels and vault maps discovered:
D:1:      dpeg_arrival_more_subterranean_lakeside_camping, layout_loops_ring,
          serial_shops, shop
D:2:      layout_rooms, uniq_sigmund
D:3:      corexii_shack_village, layout_loops_ring,
          nicolae_overflow_crystal_walls, nicolae_tso_swordbearing_angel,
          hellmonk_ecumenical_altar_arch_garden, grunt_ministairs_7,
          uniq_natasha, uniq_grinder

Skill      XL: |  1  2  3 |
---------------+----------+-----
Axes           | 4 6 |  6.4
Fighting       | 4 |  4.5
Armour         | 3 |  3.1
Dodging        | 2 |  2.4
Evocations     | |  0.9

Action                     |  1- 3 |  4- 6 || total
---------------------------+-------+-------++-------
  Melee: Hand axe          |    73 |    36 ||   109
         Punch             |     1 |       ||     1
  Evoke: Piece from Xom's  |     1 |       ||     1
    Use: Potion            |       |     1 ||     1
   Stab: Paralysed         |       |     1 ||     1
 Armour: Leather armour    |    27 |     8 ||    35
  Dodge: Dodged            |    24 |    24 ||    48
